 Dungeon Crawl Stone Soup version 0.30-a0-159-g068b764562 (webtiles) character file.

Game seed: 11500145264452805011

106 qw the Chopper (level 4, -2/28 HPs)
             Began as a Gargoyle Fighter on Sept 27, 2022.
             Slain by an iguana (3 damage)
             ... on level 3 of the Dungeon.
             The game lasted 00:00:46 (2294 turns).

qw the Chopper (Gargoyle Fighter)                   Turns: 2294, Time: 00:00:46

Health: -2/28      AC: 19    Str: 21    XL:     4   Next: 84%
Magic:  4/4        EV:  5    Int:  9    God:
Gold:   51         SH:  4    Dex:  9    Spells: 3/3 levels left

rFire   . . .      SeeInvis +    Y - +0 war axe
rCold   . . .      Faith    .    c - +0 buckler
rNeg    + . .      Spirit   .    e - +0 plate armour
rPois   inf        Reflect  .    n - +2 helmet
rElec   +          Harm     .    f - +0 cloak
rCorr   .          Rampage  .    (no gloves)
Will    .....                    (no boots)
Stlth   ..........               (no amulet)
HPRegen 0.09/turn                g - ring of see invisible
MPRegen 0.09/turn                (no ring)

@: about to teleport
A: sickness immunity, AC +3, negative energy resistance 1, electricity
resistance, torment resistance 1, petrification resistance
a: no special abilities


You were on level 3 of the Dungeon.
You visited 1 branch of the dungeon, and saw 3 of its levels.

You collected 159 gold pieces.
You spent 108 gold pieces at shops.


Innate Abilities, Weirdness & Mutations

You are immune to sickness and miasma.
Your stone body is resilient. (AC +3)
You are immune to poison.
You resist negative energy. (rN+)
You are resistant to electric shocks. (rElec)
You are resistant to unholy torment.
You are immune to petrification.


   Skills:
 - Level 3.2 Fighting
 + Level 4.4 Axes
 - Level 3.2 Armour
 - Level 3.2 Shields


You had 3 spell levels left.
You didn't know any spells.
Your spell library was empty.

Inventory:

Hand Weapons
 p - a +0 whip
 Y - a +0 war axe (weapon)
Armour
 c - a +0 buckler (worn)
 e - a +0 plate armour (worn)
 f - a +0 cloak (worn)
 n - a +2 helmet (worn)
Jewellery
 g - a ring of see invisible (left hand)
Scrolls
 b - 3 scrolls of teleportation
 i - 3 scrolls of identify {unknown}
Potions
 a - a potion of heal wounds {unknown}
 d - 2 potions of might
 h - a potion of magic {unknown}
 j - a potion of mutation {unknown}
 k - a potion of haste {unknown}
 l - 2 potions of curing
 m - a potion of lignification
 o - a potion of brilliance {unknown}

Dungeon Overview and Level Annotations

Branches:
Dungeon (3/15)

Altars:

Shops:
D:2 !


Message History

You closely miss the goblin. The goblin barely misses you.
You closely miss the goblin.
The goblin hits you but does no damage. x2
The iguana bites you but does no damage.
You hit the iguana.
The iguana is moderately wounded.
You hit the goblin but do no damage. The iguana bites you!
The goblin hits you but does no damage.
You hit the iguana.
The iguana is moderately wounded.
You slash the goblin!
You kill the goblin!
The iguana bites you.
You hit the iguana.
The iguana is heavily wounded.
You hit the iguana. The iguana bites you.
The iguana bites you but does no damage.
You barely miss the iguana.
The iguana is heavily wounded.
You barely miss the iguana.
The iguana bites you but does no damage.
The iguana bites you! The iguana barely misses you.
The iguana bites you but does no damage.
2292 ||| READING 4 scrolls of teleportation.
As you read the scroll of teleportation, it crumbles to dust.
You feel strangely unstable.
The iguana bites you but does no damage.
You block the iguana's attack.
You hit the iguana but do no damage.
The iguana is heavily wounded.
You hit the iguana but do no damage. The iguana barely misses you.
The iguana bites you but does no damage.
You hit the iguana but do no damage.
The iguana is heavily wounded.
You hit the iguana. The iguana bites you.
You die...

....## #<.#....##
### .....#
#.......#
...#.###.##..###
...#.........# .
...#..##.##..###
.?
...#..#######..#
...
####..).....####
....
...#.######.######
..... ##.#.#
#........@##.....#
#.#.#
#.....###ll.......
#.#.# #.....#
##....}...
##.#.###.....#
###......
.....).......#
......
.............#
.....
..........####
S.... ............
.... ............
....


You could see 2 iguanas.

Vanquished Creatures
  Jessica (D:2)
  Robin (D:2)
  An adder (D:2)
  A dart slug (D:2)
  An orc (D:3)
  5 ball pythons
  5 giant cockroaches
  5 hobgoblins
  6 jackals
  2 quokkas
  3 frilled lizards
  10 goblins
  6 kobolds
  5 rats
52 creatures vanquished.

Notes
Turn   | Place    | Note
-------+----------+-------------------------------------------
     0 | D:1      | qw the Gargoyle Fighter began the quest for the Orb.
     0 | D:1      | Reached XP level 1. HP: 14/14 MP: 1/1
     0 | D:1      | 0 ||| qw: Version: 0.2-a-10-g37ed214
     0 | D:1      | 0 ||| qw: Game counter: 560
     0 | D:1      | 0 ||| qw: Always use a shield: true
     0 | D:1      | 0 ||| qw: God list: Okawaru
     0 | D:1      | 0 ||| qw: Allow faded altars: false
     0 | D:1      | 0 ||| qw: Do Orc after D:15 true
     0 | D:1      | 0 ||| qw: Do second Lair branch before Depths: true
     0 | D:1      | 0 ||| qw: Lair rune preference: random
     0 | D:1      | 0 ||| qw: Plans: Normal, Zot:1-4, God:TSO, Crypt, Tomb,
                  | Pan, Slime:5, Hells, Abyss, Orb
     0 | D:1      | 0 ||| PLANNING D:1-11
    19 | D:1      | 19 ||| Stepping ~*~*~tactically~*~*~ (stealth).
    27 | D:1      | Reached skill level 2 in Axes
   201 | D:1      | Reached XP level 2. HP: 19/19 MP: 2/2
   215 | D:1      | 215 ||| Stepping ~*~*~tactically~*~*~ (stealth).
   216 | D:1      | 216 ||| Stepping ~*~*~tactically~*~*~ (stealth).
   607 | D:1      | Reached skill level 3 in Axes
   830 | D:1      | 830 ||| UPGRADING to +0 plate armour.
   840 | D:1      | 840 ||| DROPPING +0 scale mail.
   841 | D:1      | 841 ||| UPGRADING to +0 cloak.
   846 | D:1      | 846 ||| DROPPING amulet of faith.
   847 | D:1      | 847 ||| READING scroll labelled ROHAWELEAF.
   848 | D:1      | 848 ||| READING scroll labelled URYOHY MAXAGRA.
   851 | D:1      | 851 ||| READING scroll labelled FIOZ QELARI.
   880 | D:2      | Reached XP level 3. HP: 23/23 MP: 3/3
   967 | D:2      | 967 ||| Stepping ~*~*~tactically~*~*~ (stealth).
   995 | D:2      | 995 ||| Stepping ~*~*~tactically~*~*~ (stealth).
  1298 | D:2      | 1298 ||| Stepping ~*~*~tactically~*~*~ (hiding).
  1300 | D:2      | 1300 ||| Stepping ~*~*~tactically~*~*~ (hiding).
  1373 | D:2      | Found Pueschoa's Distillery.
  1405 | D:2      | Noticed Jessica
  1407 | D:2      | 1407 ||| FLEEEEING.
  1408 | D:2      | 1408 ||| FLEEEEING.
  1409 | D:2      | 1409 ||| FLEEEEING.
  1410 | D:2      | 1410 ||| FLEEEEING.
  1412 | D:2      | 1412 ||| FLEEEEING.
  1413 | D:2      | 1413 ||| FLEEEEING.
  1414 | D:2      | 1414 ||| FLEEEEING.
  1415 | D:2      | 1415 ||| FLEEEEING.
  1420 | D:2      | 1420 ||| FLEEEEING.
  1421 | D:2      | 1421 ||| FLEEEEING.
  1422 | D:2      | 1422 ||| FLEEEEING.
  1423 | D:2      | 1423 ||| FLEEEEING.
  1424 | D:2      | 1424 ||| FLEEEEING.
  1425 | D:2      | 1425 ||| FLEEEEING.
  1433 | D:2      | Killed Jessica
  1434 | D:2      | Reached skill level 4 in Axes
  1434 | D:2      | Reached XP level 4. HP: 24/28 MP: 4/4
  1569 | D:2      | 1569 ||| BUYING potion of curing (36 gold).
  1569 | D:2      | Bought a potion of curing for 36 gold pieces
  1569 | D:2      | 1569 ||| BUYING potion of curing (36 gold).
  1569 | D:2      | Bought a potion of curing for 36 gold pieces
  1569 | D:2      | 1569 ||| BUYING potion of lignification (36 gold).
  1569 | D:2      | Bought a potion of lignification for 36 gold pieces
  1569 | D:2      | 1569 ||| SHOPLISTING potion of might (48 gold, have 4).
  1569 | D:2      | 1569 ||| SHOPLISTING potion of mutation (96 gold, have 4).
  1569 | D:2      | 1569 ||| SHOPLISTING potion of resistance (120 gold, have
                  | 4).
  1611 | D:2      | 1611 ||| Stepping ~*~*~tactically~*~*~ (stealth).
  1616 | D:2      | Noticed Robin
  1617 | D:2      | 1617 ||| Stepping ~*~*~tactically~*~*~ (hiding).
  1630 | D:2      | Killed Robin
  1980 | D:2      | 1980 ||| UPGRADING to +2 helmet.
  1985 | D:2      | 1985 ||| UPGRADING to ring of see invisible.
  1986 | D:2      | 1986 ||| READING scroll labelled KYKKUR TAIWK.
  2071 | D:3      | 2071 ||| DROPPING +0 club.
  2100 | D:3      | 2100 ||| Stepping ~*~*~tactically~*~*~ (stealth).
  2278 | D:3      | 2278 ||| Stepping ~*~*~tactically~*~*~ (stealth).
  2284 | D:3      | 2284 ||| Stepping ~*~*~tactically~*~*~ (stealth).
  2291 | D:3      | HP: 1/28 [iguana (7)]
  2292 | D:3      | 2292 ||| READING 4 scrolls of teleportation.
  2294 | D:3      | Slain by an iguana

Levels and vault maps discovered:
D:1:      amcnicky_arrival_wind_blow, layout_basic
D:2:      layout_loops_corners, serial_shops, nicolae_shop_window_shopping,
          uniq_robin, uniq_jessica
D:3:      layout_basic, hellmonk_ecumenical_altar_defaced_shrine,
          hangedman_decor_clover_reticule, kennysheep_generic_room_15

Skill      XL: |  1  2  3 |
---------------+----------+-----
Axes           | 2 3 4 |  4.4
Fighting       | |  3.2
Armour         | |  3.2
Shields        | |  3.2

Action                   |  1- 3 |  4- 6 || total
-------------------------+-------+-------++-------
Melee: War axe           |    81 |    54 ||   135
  Use: Scroll            |     3 |     2 ||     5
Armor: Scale mail        |    22 |       ||    22
       Plate armour      |    26 |    41 ||    67
Dodge: Dodged            |    26 |    11 ||    37
Block: Buckler           |    19 |     7 ||    26

Table legend:
 A = Non-vault XP
 B = Vault XP
 C = Vault XP percentage of total XP
 D = Non-vault monster count
 E = Vault monster count
 F = Vault count percentage of total count
                 A         B        C        D         E       F
            +---------+---------+-------+---------+---------+-------
      Total |      83 |      69 |  45.4 |      42 |      10 |  19.2
            +---------+---------+-------+---------+---------+-------
        D:1 |      33 |       0 |   0.0 |      20 |       0 |   0.0
        D:2 |      34 |      69 |  67.0 |      13 |      10 |  43.5
        D:3 |      16 |       0 |   0.0 |       9 |       0 |   0.0
            +---------+---------+-------+---------+---------+-------
